 Dungeon Crawl Stone Soup version 0.22-a0-398-g8bb545f (webtiles) character file.

58 soadsod the Sneak (level 3, -9/28 HPs)
             Began as a Draconian Enchanter on May 5, 2018.
             Mangled by Sigmund
             ... wielding a +2 scythe of flaming
              (12 damage)
             ... on level 2 of the Dungeon.
             The game lasted 00:06:13 (1558 turns).

soadsod the Sneak (Draconian Enchanter)             Turns: 1558, Time: 00:06:13

Health: -9/28      AC:  5    Str: 10    XL:     3   Next: 75%
Magic:  1/6        EV: 12    Int: 21    God:
Gold:   78         SH:  0    Dex: 11    Spells: 3/6 levels left

rFire    . . .     SeeInvis .   a - +1 dagger
rCold    . . .     Gourm    .   (no shield)
rNeg     . . .     Faith    .   (armour unavailable)
rPois    .         Spirit   .   (helmet restricted)
rElec    .         Reflect  .   (no cloak)
rCorr    .         Harm     .   (no gloves)
MR       .....                  (no boots)
Stlth    ++........             (no amulet)
HPRegen  0.09/turn              (no ring)
MPRegen  0.10/turn              (no ring)

@: brilliant
A: unfitting armour, cold-blooded, AC +5
a: no special abilities


You were on level 2 of the Dungeon.
You were not hungry.

You visited 1 branch of the dungeon, and saw 2 of its levels.

You collected 78 gold pieces.

Inventory:

Hand Weapons
 a - a +1 dagger (weapon)
Scrolls
 e - 2 scrolls of teleportation {unknown}
 g - a scroll of enchant armour {unknown}
 h - a scroll of immolation {unknown}
 i - a scroll of identify {unknown}
Potions
 j - a potion of brilliance
Comestibles
 c - a ration
 d - 6 chunks of flesh


   Skills:
 + Level 1.2 Fighting
 + Level 1.7 Short Blades
 + Level 2.1 Dodging
 - Level 3.0 Stealth
 + Level 2.3 Spellcasting
 - Level 3.0 Hexes
 + Level 0.7 Ice Magic


You had 3 spell levels left.
You knew the following spells:

 Your Spells              Type           Power        Failure   Level  Hunger
b - Corona                Hex            ####...      1%          1    #......
c - Ensorcelled Hibernat  Hex/Ice        ###...       1%          2    ##.....


Dungeon Overview and Level Annotations

Branches:
Dungeon (2/15)

Altars:

Annotations:
D:2 Sigmund


Innate Abilities, Weirdness & Mutations

Your plain brown scales are hard. (AC +5)
You cannot fit into any form of body armour.
You are cold-blooded and may be slowed by cold attacks.


Message History

Sigmund is severely wounded.
Sigmund closely misses you.
You hit Sigmund but do no damage.
You tail-slap Sigmund, but do no damage.
Sigmund is severely wounded.
Sigmund hits you with a scythe of flaming!
* * * LOW HITPOINT WARNING * * *
Sigmund burns you.
* * * LOW HITPOINT WARNING * * *
It was a potion of brilliance.
You feel clever all of a sudden.
Casting: Ensorcelled Hibernation (safe; 1% risk of failure)
Confirm with . or Enter, or press ? or * to list all spells.
You don't have enough magic to cast that spell.
As you read the scroll labeled NOEPNI XAESAAMM, it crumbles to dust.
You feel blessed for a moment.
It was a scroll of remove curse.
Sigmund breathes a few words.
Sigmund's hands start flickering wildly.
Sigmund hits you with a scythe of flaming!
You die...

#≈≈≈..≈..≈..≈..≈≈
#≈≈...≈.⌠≈..≈..≈≈
#≈≈..≈..≈⌠.≈...≈≈
#≈≈..≈..≈..≈..≈≈≈####
##≈...≈≈..≈..≈≈≈##.<#
##.......≈..≈.##...#
###........≈≈..##...#
#.#............#.....
#........@@.........#
#..#####..###.......#
#####...#
#........$...#
##.......#
#########..###
#..#..#..# #.#..#..##
#...#...# ...#..#.#
..#..#..#


You could see Sigmund.

Vanquished Creatures
  A gnoll (D:1)
  An ooze (D:1)
  A worm (D:2)
  A dart slug (D:1)
  A leopard gecko (D:1)
  4 giant cockroaches
  4 goblins (D:1)
  6 hobgoblins
  5 bats
  3 frilled lizards
  5 kobolds (D:1)
  6 rats
38 creatures vanquished.

Notes
Turn   | Place    | Note
-------+----------+-------------------------------------------
     0 | D:1      | soadsod the Draconian Enchanter began the quest for the Orb.
     0 | D:1      | Reached XP level 1. HP: 14/14 MP: 3/3
    93 | D:1      | HP: 7/14 [hobgoblin/club (3)]
   146 | D:1      | HP: 7/14 [hobgoblin/club (2)]
   581 | D:1      | Reached XP level 2. HP: 22/22 MP: 5/5
   846 | D:1      | Learned a level 2 spell: Ensorcelled Hibernation
  1061 | D:1      | Reached skill level 1 in Fighting
  1063 | D:1      | Reached XP level 3. HP: 28/28 MP: 6/6
  1537 | D:2      | Noticed Sigmund
  1556 | D:2      | HP: 7/28 [Sigmund/scythe of flaming (9)]
  1556 | D:2      | HP: 3/28 [Sigmund/scythe of flaming (4)]
  1558 | D:2      | Mangled by Sigmund

Vault maps used:
D:1:      lemuel_arrival_lava_pool, minmay_misc_feat_four_crosses, minmay_tall_x
D:2:      cheibrodos_helix_gallery, first_ration, minmay_misc_feat_diagonals,
          roderic_lattice_a, uniq_terence, uniq_sigmund

Skill      XL: |  1  2  3 |
---------------+----------+-----
Dodging        | 2 |  2.1
Stealth        | 3 |  3.0
Fighting       | 1 |  1.2
Hexes          | 3 |  3.0
Short Blades   | |  1.7
Spellcasting   | |  2.3
Ice Magic      | |  0.7

Action                   || total
-------------------------++-------
Melee: Dagger            ||   136
       Tailslap          ||    11
 Cast: Corona            ||     9
       Ensorcelled Hiber ||    12
  Use: Potion            ||     2
       Scroll            ||     1
 Stab: Sleeping          ||    10
  Eat: Chunk             ||     3
Armor: Skin              ||    32
Dodge: Dodged            ||    85

Table legend:
 A = Spawn XP
 B = Non-spawn XP
 C = Spawn XP percentage of total XP
 D = Spawn monster count
 E = Non-spawn monster count
 F = Spawn count percentage of total count
 G = Total turns spent on level
                    A         B        C        D         E        F      G
               +---------+---------+-------+---------+---------+-------+---------
         Total |       0 |      83 |   0.0 |       0 |      38 |   0.0 |  1558
               +---------+---------+-------+---------+---------+-------+---------
           D:1 |       0 |      71 |   0.0 |       0 |      32 |   0.0 |  1431
           D:2 |       0 |      12 |   0.0 |       0 |       6 |   0.0 |   127
               +---------+---------+-------+---------+---------+-------+---------
